 Dungeon Crawl Stone Soup version 0.27-a0-1154-gfdeffcb720 (webtiles) character file.

Game seed: 16770845066441008787

189 robertstho the Magician (level 6, -3/43 HPs)
             Began as a Djinni Fire Elementalist on May 14, 2021.
             Slain by an orc
             ... wielding a +0 war axe
              (5 damage)
             ... on level 3 of the Dungeon.
             The game lasted 00:06:04 (3889 turns).

robertstho the Magician (Djinni Fire Elementalist)  Turns: 3889, Time: 00:06:05

Health: -3/43      AC: 13    Str:  7    XL:     6   Next: 0%
Gold:   101        EV: 12    Int: 18    God:
                   SH:  0    Dex: 14

rFire    + + +     SeeInvis .   k - +1 dagger (protect)
rCold    . . .     Faith    .   (no shield)
rNeg     . . .     Spirit   .   a - +0 robe
rPois    ∞         Reflect  .   (no helmet)
rElec    +         Harm     .   (no cloak)
rCorr    +         Rampage  .   (no gloves)
Will     .....                  (boots unavailable)
Stlth    ++........             (no amulet)
HPRegen  0.14/turn              e - +4 ring of protection
MPRegen  0.00/turn              (no ring)

@: resistant, under a protective aura, attractive, flying
A: sickness immunity, fire resistance 2, cold vulnerability 1, float, innate
caster, hp casting, extra vitality 1
a: no special abilities


You were on level 3 of the Dungeon.
You visited 1 branch of the dungeon, and saw 3 of its levels.

You collected 101 gold pieces.

Inventory:

Hand Weapons
 k - a +1 dagger of protection (weapon)
Armour
 a - a +0 robe (worn)
Jewellery
 e - a +4 ring of protection (left hand)
 j - a ring of protection from cold
Scrolls
 b - a scroll of magic mapping
 c - a scroll of identify
Potions
 d - a potion of lignification


   Skills:
 * Level 2.3 Fighting
 + Level 2.6 Dodging
 + Level 2.0 Stealth
 + Level 4.0 Spellcasting


You couldn't memorise any spells.
You knew the following spells:

 Your Spells              Type           Power      Damage    Failure   Level
a - Foxfire               Conj/Fire      72%        2x1d7     2%          1
b - Conjure Flame         Conj/Fire      18%        6-21      9%          3
c - Inner Flame           Hex/Fire       18%        N/A       9%          3
d - Sticky Flame          Conj/Fire      18%        2d4       28%         4
e - Fireball              Conj/Fire      9%         3d6       61%         5
f - Beastly Appendage     Tmut           36%        N/A       2%          1
g - Slow                  Hex            18%        N/A       4%          2
Your spell library was empty.

Dungeon Overview and Level Annotations

Branches:
Dungeon (3/15)

Altars:

Annotations:
D:3 Ijyb, Natasha


Innate Abilities, Weirdness & Mutations

You are immune to sickness and miasma.
You are immune to poison.
Your flesh is very heat resistant. (rF++)
You are vulnerable to cold. (rC-)
You float through the air rather than walking.
You learn spells naturally, not from books.
Your magical power is your life essence.
You have superior vitality. (+4 HP)


Message History

The orc hits you with a +0 war axe.
* * * LOW HITPOINT WARNING * * *
The orc closely misses you.
Unknown command.
You hit the orc but do no damage.
The orc is moderately wounded.
The orc hits you with a +0 war axe.
* * * LOW HITPOINT WARNING * * *
The orc closely misses you.
You barely miss the orc.
The orc is moderately wounded.
The orc misses you. x2
You closely miss the orc.
The orc is lightly wounded.
The orc barely misses you. The orc hits you but does no damage.
You hit the orc.
The orc is heavily wounded.
The orc barely misses you. The orc closely misses you.
You barely miss the orc.
The orc is heavily wounded.
The orc misses you. The orc hits you but does no damage.
You closely miss the orc.
The orc is heavily wounded.
The orc barely misses you. The orc misses you.
You hit the orc.
The orc is severely wounded.
The orc misses you. The orc hits you but does no damage.
You completely miss the orc.
The orc is severely wounded.
The orc closely misses you. The orc misses you.
The hobgoblin shouts!
You hit the orc but do no damage.
The orc is severely wounded.
The orc misses you. The orc hits you with a +0 falchion.
* * * LOW HITPOINT WARNING * * *
Unknown command.
You hit the orc but do no damage.
The orc is severely wounded.
The orc hits you with a +0 war axe.
You die...

#######.#####.##.#.#
#######.####.....#.#
..........##..####.#
########..##..####.#
..........##.......#
.########.###.######
..................
########.##.######
#@o§§...h...#
#o#######.#.# ####
#g# #...# ... #.#
##..#.##.. #.#
#..#.##.. #.#
#..#.##..
..........#.#
#........
..........#..
#####..#.###.
..........#
.............


You could see 2 orcs and a hobgoblin.

Vanquished Creatures
  Natasha (twice) (D:3)
  5 adders
  An adder skeleton (D:3)
  A worm (D:2)
  5 orcs
  4 endoplasms
  11 giant cockroaches (D:2)
  5 goblins
  6 hobgoblins
  8 jackals (D:1)
  4 quokkas
  12 ball pythons
  2 bats
  2 frilled lizards
  4 kobolds
  6 rats
78 creatures vanquished.

Vanquished Creatures (others)
  2 jackals (D:1)
  300 foxfires
302 creatures vanquished.

Grand Total: 380 creatures vanquished

Notes
Turn   | Place    | Note
-------+----------+-------------------------------------------
     0 | D:1      | robertstho the Djinni Fire Elementalist began the quest for
                  | the Orb.
     0 | D:1      | Reached XP level 1. HP: 15/15 MP: 0/0
   133 | D:1      | Reached XP level 2. HP: 14/21 MP: 0/0
   797 | D:1      | Reached XP level 3. HP: 24/26 MP: 0/0
   797 | D:1      | Learned a level 1 spell: Beastly Appendage
   824 | D:1      | Reached skill level 1 in Fighting
  1005 | D:1      | Reached skill level 3 in Spellcasting
  1396 | D:2      | Reached XP level 4. HP: 29/32 MP: 0/0
  2392 | D:2      | Reached XP level 5. HP: 30/38 MP: 0/0
  2392 | D:2      | Learned a level 2 spell: Slow
  2941 | D:3      | Noticed Ijyb
  3087 | D:3      | Noticed Natasha
  3092 | D:3      | Killed Natasha
  3551 | D:3      | Noticed Natasha
  3562 | D:3      | Killed Natasha
  3563 | D:3      | Reached skill level 4 in Spellcasting
  3846 | D:3      | Noticed Natasha
  3866 | D:3      | Reached XP level 6. HP: 37/43 MP: 0/0
  3888 | D:3      | HP: 2/43 [orc/+0 falchion (3)]
  3889 | D:3      | Slain by an orc

Illustrated notes

Levels and vault maps discovered:
D:1:      mrwooster_arrival_statue_3, layout_loops_ring, moated_statue,
          lemuel_old_faithful
D:2:      minmay_roachtagon, layout_basic, guppyfry_early_orc_mine
D:3:      layout_basic, uniq_ijyb, uniq_natasha, uniq_crazy_yiuf_cottage

Skill      XL: |  1  2  3  4  5 |
---------------+----------------+-----
Fighting       | 1 2 |  2.3
Spellcasting   | 3 4 |  4.0
Stealth        | 2 |  2.0
Dodging        | |  2.6

Action                   |  1- 3 |  4- 6 || total
-------------------------+-------+-------++-------
Melee: Dagger            |       |    16 ||    16
 Cast: Foxfire           |    65 |   119 ||   184
  Use: Scroll            |       |     9 ||     9
       Potion            |       |     2 ||     2
 Stab: Sleeping          |       |     1 ||     1
Armor: Robe              |     1 |    17 ||    18
Dodge: Dodged            |     2 |    43 ||    45

Table legend: (Time is in decaauts)
 A = Elapsed time spent in this place.
 B = Non-inter-level travel time spent in this place.
 C = Inter-level travel time spent in this place.
 D = Time resting spent in this place.
 E = Time spent auto-exploring this place.
 F = Levels seen in this place.
 G = Mean time per level.
                   A        B        C        D        E       F      G
               +--------+--------+--------+--------+--------+-----+--------+
         Total |   3901 |   3815 |     86 |    121 |   3196 |   3 | 1300.3 |
       Dungeon |   3901 |   3815 |     86 |    121 |   3196 |   3 | 1300.3 |
               +--------+--------+--------+--------+--------+-----+--------+

Top non-repeatable levels by time:
     D:2: 1630 daAuts
     D:1: 1307 daAuts
     D:3: 964 daAuts
